 Dungeon Crawl Stone Soup version 0.26.1-2-gb8aa6d0cf2 (webtiles) character file.

Game seed: 18275567988515425092

699 Gadfly the Skirmisher (level 7, -2/70 HPs)
             Began as an Ogre Monk on Feb 13, 2021.
             Slain by an ogre
             ... wielding a +0 giant spiked club
              (20 damage)
             ... on level 5 of the Dungeon.
             The game lasted 00:08:18 (7504 turns).

Gadfly the Skirmisher (Ogre Monk)                   Turns: 7504, Time: 00:08:18

Health: -2/70      AC:  4    Str: 15 (18) XL:     7   Next: 65%
Magic:  9/9        EV: 10    Int:  9 (11) God:
Gold:   159        SH:  0    Dex:  9 (11) Spells: 6/6 levels left

rFire    . . .     SeeInvis +   b - +1 hand axe (elec)
rCold    . . .     Faith    .   (no shield)
rNeg     . . .     Spirit   .   d - +1 robe
rPois    .         Reflect  .   (helmet restricted)
rElec    .         Harm     .   (no cloak)
rCorr    .         Rampage  .   (gloves unavailable)
Will     .....                  (boots unavailable)
Stlth    +.........             (no amulet)
HPRegen  0.21/turn              u - ring of see invisible
MPRegen  0.11/turn              (no ring)

@: no status effects
A: large, unfitting armour, tough skin 1
a: no special abilities


You were on level 5 of the Dungeon.
You visited 1 branch of the dungeon, and saw 5 of its levels.

You collected 262 gold pieces.
You spent 103 gold pieces at shops.

Inventory:

Hand Weapons
 a - a +0 flail
 b - a +1 hand axe of electrocution (weapon)
Missiles
 f - 219 stones (quivered)
 g - 2 throwing nets
Armour
 d - a +1 robe (worn)
Jewellery
 u - a ring of see invisible (left hand)
 x - an uncursed ring of resist corrosion {unknown}
Wands
 k - a wand of paralysis (6)
 p - a wand of flame (10)
Scrolls
 c - 2 scrolls of identify
 h - 3 scrolls of remove curse
 i - 2 scrolls of enchant armour
 j - a scroll of teleportation
 o - a scroll of fear
 q - a scroll of noise {unknown}
 r - 2 scrolls of fog
 t - a scroll of blinking {unknown}
 w - a scroll of summoning
Potions
 e - a potion of resistance
 l - a potion of berserk rage
 m - a potion of might
 n - a potion of curing
 s - a potion of heal wounds
 v - a potion of attraction


   Skills:
 - Level 4.0 Fighting
 + Level 3.6 Maces & Flails
 * Level 3.5 Throwing
 * Level 2.8 Armour
 - Level 2.6 Dodging
 - Level 1.4 Stealth
 * Level 3.9 Invocations
 * Level 2.9 Evocations


You had 6 spell levels left.
You didn't know any spells.
Your spell library was empty.

Dungeon Overview and Level Annotations

Branches:
Dungeon (5/15)
 Temple: D:4-7

Altars:

Shops:
D:5 *

Annotations:
D:3 2 transporters, Hehehe's ghost, amateur DDFi


Innate Abilities, Weirdness & Mutations

You are too large for most types of armour.
You have tough skin. (AC +1)


Message History

You are too injured to fight recklessly!
You are too injured to fight recklessly!
You are too injured to fight recklessly!
You are too injured to fight recklessly!
You are too injured to fight recklessly!
You are too injured to fight recklessly!
You are too injured to fight recklessly!
You are too injured to fight recklessly!
You are too injured to fight recklessly!
You are too injured to fight recklessly!
You are too injured to fight recklessly!
Unknown command.
You hit the ogre but do no damage.
The ogre is severely wounded.
The ogre hits you with a +0 giant spiked club.
* * * LOW HITPOINT WARNING * * *
You barely miss the ogre.
The ogre is severely wounded.
The ogre hits you with a +0 giant spiked club!!
You die...

..P≈#..#.###.##..#.#.............
.............................†...
.#.##..#.###.##..#.#.............
.#.##..#.# #.##..#.#.#...##.#####
.#.##..#.# #.###.#.#.#...##.#
##.##..#.# #.# #.#..........#
#.##..#.###.###.#.#.#...####
#.................#
#.##..#.###.###@#.# #.##....#...#
#O# ##.##..#.#.### #..
...........# ###. ##.##..#.### .#
######### #


You could see an ogre.

Vanquished Creatures
  A sky beast (D:4)
  Blork the orc (D:4)
  A bullfrog zombie (D:5)
  A jelly (D:5)
  A bullfrog skeleton (D:4)
  2 orc priests
  4 orc wizards
  Jessica (D:3)
  3 worker ants
  3 adders
  A shadow imp (D:5)
  An adder skeleton (D:5)
  3 worms
  4 dart slugs
  7 leopard geckos
  26 orcs
  2 giant cockroaches (D:1)
  3 hobgoblins
  4 jackals (D:4)
  9 kobolds
  A quokka (D:3)
  A ball python (D:2)
  4 bats
  5 frilled lizards
  6 goblins
  8 rats
103 creatures vanquished.

Vanquished Creatures (others)
  9 plants (D:5)
9 creatures vanquished.

Grand Total: 112 creatures vanquished

Notes
Turn   | Place    | Note
-------+----------+-------------------------------------------
     0 | D:1      | Gadfly the Ogre Monk began the quest for the Orb.
     0 | D:1      | Reached XP level 1. HP: 24/24 MP: 1/1
   339 | D:1      | Reached XP level 2. HP: 31/32 MP: 2/2
  1127 | D:2      | Reached skill level 1 in Throwing
  1473 | D:2      | Reached skill level 1 in Invocations
  1473 | D:2      | Reached XP level 3. HP: 36/39 MP: 3/3
  1874 | D:2      | Reached skill level 1 in Evocations
  2210 | D:2      | Reached skill level 1 in Armour
  2390 | D:2      | Reached XP level 4. HP: 44/48 MP: 3/5
  3235 | D:3      | Reached XP level 5. HP: 54/54 MP: 6/6
  4309 | D:3      | Noticed Jessica
  4317 | D:3      | Killed Jessica
  4441 | D:3      | Noticed Hehehe's ghost (amateur DDFi)
  4460 | D:3      | Found a transporter.
  4463 | D:3      | Found a transporter.
  4570 | D:3      | Reached XP level 6. HP: 43/62 MP: 6/8
  5603 | D:4      | Noticed Blork the orc
  5608 | D:4      | Killed Blork the orc
  5609 | D:4      | Reached XP level 7. HP: 62/70 MP: 9/9
  6295 | D:5      | Entered Level 5 of the Dungeon
  6839 | D:5      | Found Qaeceo Kawo's Assorted Antiques.
  7050 | D:5      | Bought a fizzy silvery potion for 25 gold pieces
  7050 | D:5      | Bought a golden potion for 25 gold pieces
  7050 | D:5      | Bought a scroll labelled VACIONASHI for 28 gold pieces
  7050 | D:5      | Bought a white potion for 25 gold pieces
  7504 | D:5      | Slain by an ogre

Illustrated notes

Levels and vault maps discovered:
D:1:      amcnicky_arrival_underground_garden, layout_basic
D:2:      layout_loops_ring
D:3:      layout_loops_ring, gammafunk_ghost_arena, small_statue_alley_b,
          uniq_jessica
D:4:      layout_basic, uniq_blork_the_orc
D:5:      layout_basic, serial_bayou, serial_bayou_pond_c, serial_bayou_ford_a,
          serial_bayou_lagoon_a, serial_bayou_pond_c, serial_shops,
          nicolae_shop_overgrown_old_shop

Skill      XL: |  1  2  3  4  5  6 |
---------------+-------------------+-----
Throwing       | 1 2 3 |  3.5
Invocations    | 1 2 3 |  3.9
Evocations     | 1 2 |  2.9
Armour         | 1 2 |  2.8
Maces & Flails | 3 |  3.6
Fighting       | |  4.0
Dodging        | |  2.6
Stealth        | |  1.4

Action                   |  1- 3 |  4- 6 |  7- 9 || total
-------------------------+-------+-------+-------++-------
Melee: Mace              |   113 |    66 |       ||   179
       Hand axe          |       |    90 |    53 ||   143
       War axe           |       |     4 |       ||     4
       Flail             |       |       |     5 ||     5
Throw: Stone             |     9 |     5 |       ||    14
  Use: Scroll            |     4 |     5 |     5 ||    14
       Potion            |     1 |     2 |     2 ||     5
 Stab: Sleeping          |     4 |     2 |     4 ||    10
Armor: Robe              |    19 |    28 |    12 ||    59
Dodge: Dodged            |    71 |    87 |    22 ||   180
